 Dungeon Crawl Stone Soup version 0.31.0-9-g3a7656b989 (webtiles) character file.

Game seed: 17859053864511519818

347 qw the Shooter (level 6, -1/30 HPs)
             Began as a Spriggan Hunter on Feb 2, 2024.
             Succumbed to a scorpion's poison
             ... on level 4 of the Dungeon.
             The game lasted 00:00:11 (2506 turns).

qw the Shooter (Spriggan Hunter)                    Turns: 2506, Time: 00:00:12

Health: -1/30      AC:  2    Str: 13    XL:     6   Next: 33%
Magic:  7/7        EV: 21    Int: 11    God:
Gold:   210        SH:  0    Dex: 20    Spells: 5/5 levels left

rFire   . . .        a - +0 shortbow
rCold   . . .        (shield currently unavailable)
rNeg    . . .        c - +0 robe
rPois   .            (helmet restricted)
rElec   .            (no cloak)
rCorr   .            (gloves unavailable)
SInv    +            (boots unavailable)
Will    +....        (no amulet)
Stlth   ++           b - +6 ring of strength
HPRegen 0.25/turn    (no ring)
MPRegen 0.10/turn

%: no passive effects
@: lethally poisoned (-1 -> -11), about to teleport, very quick
A: very small, no large weapons, unfitting armour, see invisible, speed 3
a: no special abilities


You were on level 4 of the Dungeon.
You visited 1 branch of the dungeon, and saw 4 of its levels.

You collected 210 gold pieces.


Innate Abilities, Weirdness & Mutations

You are very small and have problems with some larger weapons.
You are too small for most types of armour.
You have supernaturally acute eyesight. (SInv)
You cover ground extremely quickly. (Speed+++)


   Skills:
 - Level 2.0 Fighting
 + Level 6.2 Ranged Weapons
 - Level 6.0 Dodging
 - Level 1.5 Stealth


You had 5 spell levels left.
You didn't know any spells.
Your spell library was empty.

Inventory:

Hand Weapons
 a - a +0 shortbow (weapon)
Armour
 c - a +0 robe (worn)
Jewellery
 b - a +6 ring of strength (left hand)
 f - a ring of fire
 j - a ring of ice
 k - a ring of magical power
Potions
 d - 2 potions of enlightenment
 e - a potion of might {unknown}
 g - a potion of resistance
 i - a potion of heal wounds {unknown}

Dungeon Overview and Level Annotations

Branches:
Dungeon (4/15)
 Temple: D:4-7

Altars:

Shops:
D:1 ?

Annotations:
D:3 3 runed translucent doors, qw's ghost, weakling DEHu


Message History

You shoot an arrow. The arrow hits the scorpion.
The scorpion is moderately wounded.
The goblin completely misses you. The scorpion closely misses you.
You shoot an arrow. The arrow closely misses the scorpion.
The arrow hits the goblin!
You kill the goblin!
The scorpion misses you. The goblin hits you with a +0 dagger.
You shoot an arrow. The arrow closely misses the scorpion.
The scorpion barely misses you. The goblin hits you with a +0 dagger.
The scorpion closely misses you.
You shoot an arrow. The arrow barely misses the scorpion.
The goblin hits you with a +0 dagger. The scorpion misses you.
You shoot an arrow. The arrow hits the scorpion.
The scorpion is heavily wounded.
The goblin hits you with a +0 dagger. The scorpion barely misses you.
You shoot an arrow.
The arrow hits the scorpion but does no damage.
The scorpion is heavily wounded.
The scorpion misses you. The goblin closely misses you. x2
The scorpion stings you.
You shoot an arrow. The arrow closely misses the scorpion.
The scorpion completely misses you. The goblin misses you.
You shoot an arrow. The arrow barely misses the scorpion.
The goblin no longer looks unusually strong.
The scorpion closely misses you. The goblin completely misses you.
You shoot an arrow.
The arrow hits the scorpion but does no damage.
The scorpion is heavily wounded.
The scorpion stings you.
You are lethally poisoned!
The scorpion poisons you! The goblin misses you.
The scorpion closely misses you.
2505 ||| READING scroll of teleportation.
As you read the scroll of teleportation, it crumbles to dust.
You feel strangely unstable.
You feel very sick. The goblin misses you. The scorpion closely misses you.
You shoot an arrow. The arrow hits the scorpion.
The scorpion is severely wounded.
You die...

#.. ..# # #.. ..#
######### #.#..#..#
........# #.#..#..#
........# #.......
........# #......
........#
#....g########
>.......#
#.....@s)).)..
........#
#.....####...)
........###.....##...
.
.....(....#..........#
#########.##.#.....#.#
#.......##.#######
#.......##.#
#..)....##.#
#.......##.#


You could see a scorpion and a goblin.

Vanquished Creatures
  An ogre (D:3)
  A hound (D:4)
  An orc wizard (D:4)
  Robin (D:4)
  9 adders
  3 dart slugs
  2 ribbon worms (D:2)
  5 orcs
  5 endoplasms
  5 giant cockroaches
  19 goblins
  12 hobgoblins
  2 jackals (D:2)
  4 quokkas (D:1)
  2 ball pythons
  11 bats
  3 frilled lizards
  6 kobolds
  5 rats
97 creatures vanquished.

Notes
Turn   | Place    | Note
-------+----------+-------------------------------------------
     0 | D:1      | qw the Spriggan Hunter began the quest for the Orb.
     0 | D:1      | Reached XP level 1. HP: 10/10 MP: 2/2
     0 | D:1      | 0 ||| qw: Version: 0.3-a-155-g5e7d8dd
     0 | D:1      | 0 ||| qw: Game counter: 1388
     0 | D:1      | 0 ||| qw: Melee chars always use a shield: true
     0 | D:1      | 0 ||| qw: God list: Okawaru
     0 | D:1      | 0 ||| qw: Allow faded altars: false
     0 | D:1      | 0 ||| qw: Do Orc after clearing Dungeon:15 true
     0 | D:1      | 0 ||| qw: Do second Lair branch before Depths: true
     0 | D:1      | 0 ||| qw: Lair rune preference: random
     0 | D:1      | 0 ||| qw: Goals: Normal
     0 | D:1      | 0 ||| PLANNING D:1-11
     3 | D:1      | Found Haecaric's Magic Scroll Boutique.
     8 | D:1      | 8 ||| SHOPLISTING scroll of acquirement (624 gold, have 0).
     8 | D:1      | 8 ||| SHOPLISTING scroll of enchant armour (90 gold, have
                  | 0).
     8 | D:1      | 8 ||| SHOPLISTING scroll of enchant weapon (90 gold, have
                  | 0).
     8 | D:1      | 8 ||| SHOPLISTING scroll of identify (24 gold, have 0).
    40 | D:1      | Reached skill level 3 in Dodging
    98 | D:1      | Reached XP level 2. HP: 14/14 MP: 3/3
   138 | D:1      | Found a faded altar of an unknown god.
   591 | D:1      | Reached XP level 3. HP: 18/18 MP: 4/4
   751 | D:1      | 751 ||| READING scroll labelled QOTSERUHE.
   751 | D:1      | 751 ||| IDENTIFYING fizzy puce potion
   752 | D:1      | 752 ||| READING scroll labelled UROHEASSAURIS.
   753 | D:1      | 753 ||| READING scroll labelled OTHAOSCH QERUSM.
   758 | D:1      | 758 ||| DROPPING scroll of butterflies.
   949 | D:2      | You fall into a shaft and drop 1 floor!
  1118 | D:3      | 1118 ||| READING scroll of identify.
  1118 | D:3      | 1118 ||| IDENTIFYING sapphire potion
  1155 | D:2      | Reached XP level 4. HP: 22/22 MP: 5/5
  1641 | D:2      | 1641 ||| READING scroll of identify.
  1641 | D:2      | 1641 ||| IDENTIFYING puce potion
  1642 | D:2      | 1642 ||| READING scroll labelled SUEMMU JOLEY.
  1997 | D:3      | Noticed an ogre
  1998 | D:3      | 1998 ||| DRINKING potion of haste.
  2005 | D:3      | Killed an ogre
  2006 | D:3      | Reached XP level 5. HP: 26/26 MP: 6/6
  2050 | D:3      | Reached skill level 6 in Ranged Weapons
  2116 | D:3      | Found a runed translucent gate.
  2117 | D:3      | Found a runed translucent gate.
  2117 | D:3      | Noticed qw's ghost (weakling DEHu)
  2118 | D:3      | Found a runed translucent gate.
  2217 | D:3      | 2217 ||| UPGRADING to +6 ring of strength.
  2238 | D:4      | 2238 ||| STAIRDANCE
  2356 | D:4      | Reached XP level 6. HP: 15/30 MP: 7/7
  2439 | D:4      | Reached skill level 6 in Dodging
  2483 | D:4      | Noticed Robin
  2495 | D:4      | Killed Robin
  2504 | D:4      | HP: 4/30 [scorpion (5)]
  2505 | D:4      | 2505 ||| READING scroll of teleportation.
  2505 | D:4      | HP: 1/30 [poisoned by a scorpion]
  2506 | D:4      | Succumbed to a scorpion's poison

Levels and vault maps discovered:
D:1:      minmay_arrival_nine_rooms, layout_basic,
          dreamdust_ecumenical_altar_grove, serial_shops, shop
D:2:      minmay_chambers_of_ones, layout_rooms, solitary_fountain,
          minmay_mini_jars
D:3:      layout_basic, gammafunk_ghost_nasty_kobolds
D:4:      layout_basic, uniq_grinder, uniq_robin

Skill      XL: |  1  2  3  4  5  6 |
---------------+-------------------+-----
Dodging        | 3 4 5 6 |  6.0
Ranged Weapons | 5 6 |  6.2
Fighting       | 2 |  2.0
Stealth        | |  1.5

Action                     |  1- 3 |  4- 6 || total
---------------------------+-------+-------++-------
   Fire: Shortbow          |   116 |   175 ||   291
    Use: Scroll            |     4 |     3 ||     7
         Potion            |       |     1 ||     1
 Armour: Robe              |    20 |    33 ||    53
  Dodge: Dodged            |    48 |    81 ||   129

Table legend:
 A = Non-vault XP
 B = Vault XP
 C = Vault XP percentage of total XP
 D = Non-vault monster count
 E = Vault monster count
 F = Vault count percentage of total count
                 A         B        C        D         E       F
            +---------+---------+-------+---------+---------+-------
      Total |     416 |      81 |  16.3 |      71 |      26 |  26.8
            +---------+---------+-------+---------+---------+-------
        D:1 |      47 |       0 |   0.0 |      28 |       0 |   0.0
        D:2 |      49 |      46 |  48.4 |      14 |      15 |  51.7
        D:3 |     195 |       0 |   0.0 |      17 |       0 |   0.0
        D:4 |     125 |      35 |  21.9 |      12 |      11 |  47.8
            +---------+---------+-------+---------+---------+-------
